 Dungeon Crawl Stone Soup version 0.29-a0-344-ge2f44be95a (webtiles) character file.

Game seed: 15202363436654860754

24 Enlil the Vexing (level 2, 0/19 HPs)
             Began as a Vampire Enchanter on Apr 22, 2022.
             Killed from afar by Natasha (7 damage)
             ... with a magic dart
             ... on level 2 of the Dungeon.
             The game lasted 00:14:14 (1616 turns).

Enlil the Vexing (Vampire Enchanter)                Turns: 1616, Time: 00:14:15

Health: 0/19       AC:  2    Str:  7    XL:     2   Next: 79%
Magic:  5/5        EV: 12    Int: 17    God:
Gold:   56         SH:  0    Dex: 14    Spells: 5/5 levels left

rFire   . . .      SeeInvis +   a - +1 dagger
rCold   . . .      Faith    .   (no shield)
rNeg    . . .      Spirit   .   b - +0 robe
rPois   .          Reflect  .   (no helmet)
rElec   .          Harm     .   (no cloak)
rCorr   .          Rampage  .   (no gloves)
Will    .....                   (no boots)
Stlth   +++.......              (no amulet)
HPRegen 0.26/turn               (no ring)
MPRegen 0.09/turn               (no ring)

@: healing quickly, invisible
A: alive, fangs 3, see invisible, vampiric 1
a: Exsanguinate


You were on level 2 of the Dungeon.
You visited 1 branch of the dungeon, and saw 2 of its levels.

You collected 56 gold pieces.

Inventory:

Hand Weapons
 a - a +1 dagger (weapon)
 h - a +0 vampiric whip
Missiles
 i - 3 poisoned darts (quivered)
Armour
 b - a +0 robe (worn)
Scrolls
 e - a scroll of identify
Potions
 c - a potion of invisibility
 d - a potion of might
 f - a potion of attraction {unknown}
 g - a potion of mutation {unknown}


   Skills:
 + Level 1.4 Short Blades
 + Level 0.2 Throwing
 + Level 2.3 Dodging
 + Level 4.6 Stealth
 + Level 2.2 Spellcasting
 + Level 5.1 Hexes


You had 5 spell levels left.
You didn't know any spells.
Your spell library contained the following spells:

 Spells                   Type           Power      Damage    Failure   Level
 Confusing Touch          Hex            19%        N/A       7%          3
 Tukima's Dance           Hex            19%        N/A       7%          3
 Ensorcelled Hibernation  Hex/Ice        20%        N/A       10%         2
 Dazzling Flash           Conj/Hex       20%        N/A       21%         3


Dungeon Overview and Level Annotations

Branches:
Dungeon (2/15)

Altars:

Annotations:
D:2 Natasha


Innate Abilities, Weirdness & Mutations

Your natural rate of healing is accelerated.
You have razor-sharp teeth.
You have supernaturally acute eyesight. (SInv)
You are afflicted with vampirism.


Message History

Natasha is moderately wounded.
Natasha howls an incantation.
Natasha's front paws start to glow.
Natasha barely misses you.
You closely miss Natasha. You punch Natasha.
Natasha is moderately wounded.
Natasha claws you but does no damage.
You closely miss Natasha.
Natasha is moderately wounded.
Natasha misses you. Natasha claws you!
* * * LOW HITPOINT WARNING * * *
You fade into invisibility!
Natasha claws you but does no damage. Natasha closely misses you.
Natasha casts a spell.
The crimson imp blinks!
Natasha claws you but does no damage. Natasha barely misses you.
Natasha hisses.
Natasha stares at you and mumbles some strange words.
You resist with significant effort.
You feel yourself speed up. Natasha claws you but does no damage.
Natasha attacks as you move away! Natasha barely misses you.
Natasha howls an incantation.
Natasha shimmers violently.
Natasha closely misses you. Natasha attacks as you move away!
Natasha claws you.
There is a stone staircase leading down here.
Natasha attacks as you move away! Natasha barely misses you.
Natasha misses you. Natasha casts a spell at you.
You resist with significant effort. Natasha casts a spell at you.
The magic dart hits you.
Natasha mumbles some strange words.
Natasha glows brightly for a moment.
Natasha stares at you and mumbles some strange words.
The magic dart hits you!
You die...

#...####.# ##.## #.##..#.
#.# #.##.#.# #.# #.##.#.#
### #.# #.##.#.# #.. #.#
#>##.#.# #.# #.#
##.##.#.#########.#######
#..†#...................#
#......h..@...###.#####.# #
#...##.######.###.#####<#..
######.# #..............
>.. #####.#####.... ##.##
#.#######.# ### #.........#
###########


You could see Natasha.

Vanquished Creatures
  A dart slug (D:1)
  5 bats
  An endoplasm (D:1)
  A giant cockroach (D:1)
  4 goblins
  2 kobolds (D:1)
  2 ball pythons
  A frilled lizard (D:1)
  4 rats (D:1)
21 creatures vanquished.

Notes
Turn   | Place    | Note
-------+----------+-------------------------------------------
     0 | D:1      | Enlil the Vampire Enchanter began the quest for the Orb.
     0 | D:1      | Reached XP level 1. HP: 13/13 MP: 3/3
   360 | D:1      | Reached XP level 2. HP: 9/19 MP: 5/5
  1096 | D:1      | Reached skill level 5 in Hexes
  1566 | D:2      | Noticed Natasha
  1581 | D:2      | Noticed a crimson imp
  1590 | D:2      | Noticed a crimson imp
  1616 | D:2      | Killed from afar by Natasha

Illustrated notes

Levels and vault maps discovered:
D:1:      dpeg_arrival_concentric_ovals, layout_basic
D:2:      layout_loops_ring, uniq_natasha

Skill      XL: |  1  2 |
---------------+-------+-----
Hexes          | 5 |  5.1
Short Blades   | |  1.4
Throwing       | |  0.2
Dodging        | |  2.3
Stealth        | |  4.6
Spellcasting   | |  2.2

Action                   || total
-------------------------++-------
Melee: Dagger            ||    69
       Bite              ||     5
       Punch             ||     1
Throw: Stone             ||    29
       Dart              ||     1
  Use: Scroll            ||     4
       Potion            ||     1
 Stab: Sleeping          ||     2
Armor: Robe              ||    11
Dodge: Dodged            ||    41

Table legend: (Time is in decaauts)
 A = Elapsed time spent in this place.
 B = Non-inter-level travel time spent in this place.
 C = Inter-level travel time spent in this place.
 D = Time resting spent in this place.
 E = Time spent auto-exploring this place.
 F = Levels seen in this place.
 G = Mean time per level.
                   A        B        C        D        E       F      G
               +--------+--------+--------+--------+--------+-----+--------+
         Total |   1624 |   1624 |      0 |    722 |    180 |   2 |  812.0 |
       Dungeon |   1624 |   1624 |      0 |    722 |    180 |   2 |  812.0 |
               +--------+--------+--------+--------+--------+-----+--------+

Top non-repeatable levels by time:
     D:1: 1478 daAuts
     D:2: 145 daAuts
